 Dungeon Crawl Stone Soup version 0.28-a0-1356-g2ad6d04315 (webtiles) character file.

Game seed: 2384332340271681746

1231 dolemite99 the Carver (level 8, -1/66 HPs)
             Began as a Minotaur Monk on Dec 30, 2021.
             Was a Believer of Okawaru.
             Slain by a spriggan defender zombie (13 damage)
             ... on level 3 of the Abyss.
             The game lasted 00:08:53 (7219 turns).

dolemite99 the Carver (Minotaur Monk)               Turns: 7219, Time: 00:08:53

Health: -1/66      AC: 17    Str: 18    XL:     8   Next: 24%
Magic:  0/9        EV:  9    Int:  7    God:    Okawaru [**....]
Gold:   186        SH:  0    Dex: 13    Spells: 7/7 levels left

rFire   + . .      SeeInvis +   a - +0 falchion (drain)
rCold   . . .      Faith    .   (no shield)
rNeg    . . .      Spirit   +   p - +0 plate armour
rPois   .          Reflect  .   (helmet restricted)
rElec   .          Harm     .   u - +1 cloak
rCorr   .          Rampage  .   (no gloves)
Will    .....                   (no boots)
Stlth   ..........              B - amulet of guardian spirit
HPRegen 0.21/turn               l - ring of protection from fire
MPRegen 0.11/turn               n - ring of see invisible

@: heroic
A: horns 2, retaliatory headbutt
a: Renounce Religion, Heroism


You were on level 3 of the Abyss.
You worshipped Okawaru.
Okawaru was pleased with you.
You visited 1 branch of the dungeon, and saw 5 of its levels.
You visited the Abyss 1 time.
You also visited: Sewer.

You collected 186 gold pieces.

Inventory:

Hand Weapons
 a - a +0 falchion of draining (weapon)
 h - a +0 hunting sling
Missiles
 d - 79 sling bullets
 f - 22 arrows
 i - 4 boomerangs
 o - 2 poisoned darts (quivered)
 t - a throwing net
 E - 78 stones
Armour
 b - a +0 robe
 p - a +0 plate armour (worn)
 r - a +0 scale mail
 u - a +1 cloak (worn)
Magical Staves
 e - a staff of poison
Jewellery
 l - a ring of protection from fire (left hand)
 n - a ring of see invisible (right hand)
 v - an amulet of the acrobat
 B - an amulet of guardian spirit (around neck)
Wands
 y - a wand of iceblast (5)
Scrolls
 g - a scroll of noise
 j - 2 scrolls of identify {@r1}
 k - 4 scrolls of vulnerability
 G - a scroll of magic mapping {unknown}
Potions
 c - 2 potions of degeneration {unknown}
 m - a potion of ambrosia {unknown}
 q - a potion of brilliance {unknown}
 s - a potion of invisibility {unknown}
 w - 3 potions of heal wounds {unknown}
 x - 3 potions of haste
 z - a potion of curing
 A - a potion of resistance {unknown}
 C - 2 potions of might {unknown}
 F - a potion of magic {unknown}


   Skills:
 + Level 4.0(9.0) Fighting
 * Level 9.4(14.4) Long Blades
 + Level 5.9(10.9) Armour
 - Level 3.2(8.2) Dodging
 - Level 1.5(6.5) Stealth
 - Level 3.9 Invocations


You had 7 spell levels left.
You didn't know any spells.
Your spell library contained the following spells:

 Spells                   Type           Power      Damage    Failure   Level
 Passwall                 Tmut/Erth      0%         N/A       100%        2
 Gell's Gravitas          Tloc           0%         N/A       100%        3
 Ignite Poison            Fire/Tmut/Pois 0%         N/A       100%        3
 Lesser Beckoning         Tloc           0%         N/A       100%        3
 Mephitic Cloud           Conj/Pois/Air  0%         N/A       100%        3
 Swiftness                Air            0%         N/A       100%        3
 Teleport Other           Tloc           0%         N/A       100%        3
 Freezing Cloud           Conj/Ice/Air   0%         6-21      100%        5


Dungeon Overview and Level Annotations

Branches:
Dungeon (5/15)              Sewer (visited)
 Temple: D:4-7

Altars:
Okawaru


Innate Abilities, Weirdness & Mutations

You have a pair of horns on your head.
You reflexively headbutt those who attack you in melee.


Message History

The spriggan defender zombie hits you!
You miss the spriggan defender zombie.
Your headbutt misses the spriggan defender zombie.
The spriggan defender zombie is moderately damaged.
The spriggan defender zombie hits you!
You slash the spriggan defender zombie!
The spriggan defender zombie is moderately damaged.
The spriggan defender zombie barely misses you.
A phantasmal warrior comes into view.
You hit the spriggan defender zombie but do no damage.
Your headbutt misses the spriggan defender zombie.
The spriggan defender zombie is moderately damaged.
The spriggan defender zombie hits you but does no damage.
You closely miss the spriggan defender zombie.
The spriggan defender zombie is moderately damaged.
The spriggan defender zombie hits you but does no damage.
You hit the spriggan defender zombie.
The spriggan defender zombie is moderately damaged.
The phantasmal warrior gestures at you.
The phantasmal warrior blinks!
The spriggan defender zombie hits you but does no damage.
You hit the spriggan defender zombie.
The spriggan defender zombie is heavily damaged.
You hit the spriggan defender zombie.
The spriggan defender zombie is heavily damaged.
The spriggan defender zombie hits you but does no damage.
The phantasmal warrior hits you!
* * * LOW HITPOINT WARNING * * *
You closely miss the spriggan defender zombie.
Your headbutt misses the spriggan defender zombie.
The spriggan defender zombie is heavily damaged.
The spriggan defender zombie hits you.
* * * LOW HITPOINT WARNING * * *
An iron imp comes into view.
The phantasmal warrior closely misses you.
You barely miss the spriggan defender zombie.
You headbutt the spriggan defender zombie.
The spriggan defender zombie is heavily damaged.
The spriggan defender zombie hits you!
You die...

.}. . #.# ##.
# #.#.
###..## .
#...##Z5....#
## #..#W@#
..# #...# .#
.### #.#....
#..
.#....######
# ..#.## .##.
#. #.... ##
### ##.#.#.#
### ## # .


You could see a phantasmal warrior, an iron imp and a spriggan defender zombie.

Vanquished Creatures
  Grinder (D:4)
  Eustachio (D:4)
  A necrophage (D:5)
  Blork the orc (D:4)
  A kobold brigand (D:4)
  2 bullfrogs (Sewer)
  A scorpion (D:4)
  An iguana (D:4)
  Terence (D:3)
  Natasha (thrice) (D:3)
  A mummy (D:4)
  9 adders
  3 gnolls (D:4)
  A howler monkey skeleton (D:5)
  9 river rats
  A white imp (D:5)
  An ufetubus (D:5)
  3 worms
  3 dart slugs
  2 orcs
  4 endoplasms
  7 giant cockroaches
  4 goblins
  4 hobgoblins
  10 jackals
  25 kobolds
  3 quokkas
  21 ball pythons
  2 bats
  2 frilled lizards
  28 rats
156 creatures vanquished.

Vanquished Creatures (others)
  2 fungi (D:2)
  21 plants
23 creatures vanquished.

Grand Total: 179 creatures vanquished

Notes
Turn   | Place    | Note
-------+----------+-------------------------------------------
     0 | D:1      | dolemite99 the Minotaur Monk began the quest for the Orb.
     0 | D:1      | Reached XP level 1. HP: 19/19 MP: 0/0
    92 | D:1      | Reached skill level 4 in Long Blades
    99 | D:1      | Reached XP level 2. HP: 16/26 MP: 1/1
   769 | D:1      | You fall into a shaft and drop 1 floor!
   775 | D:2      | Reached skill level 5 in Long Blades
  1013 | D:2      | Reached XP level 3. HP: 31/31 MP: 2/2
  2458 | D:2      | Found a faded altar of an unknown god.
  2473 | D:2      | Prayed at the altar of an unknown god.
  2473 | D:2      | Became a worshipper of Warmaster Okawaru
  2473 | D:2      | Reached * piety under Okawaru
  2473 | D:2      | Reached ** piety under Okawaru
  2641 | D:3      | Reached XP level 4. HP: 39/39 MP: 3/3
  2670 | D:3      | Reached skill level 6 in Long Blades
  2749 | D:3      | Noticed Natasha
  2757 | D:3      | Killed Natasha
  2917 | D:3      | Noticed Natasha
  2923 | D:3      | Killed Natasha
  3033 | D:3      | Reached XP level 5. HP: 45/45 MP: 4/4
  3162 | D:3      | Noticed Terence
  3172 | D:3      | Killed Terence
  3173 | D:3      | Reached skill level 7 in Long Blades
  3295 | D:3      | Noticed Natasha
  3305 | D:3      | Killed Natasha
  3418 | D:4      | Noticed Eustachio
  3440 | D:4      | Killed Eustachio
  3441 | D:4      | Reached skill level 8 in Long Blades
  3441 | D:4      | Reached XP level 6. HP: 38/51 MP: 1/5
  3550 | D:4      | Reached skill level 9 in Long Blades
  4018 | D:4      | Found a glowing drain.
  4031 | Sewer    | Entered a sewer
  4108 | Sewer    | Reached skill level 1 in Invocations
  4723 | Sewer    | Reached XP level 7. HP: 53/57 MP: 7/7
  5307 | D:4      | Reached skill level 1 in Armour
  5318 | D:4      | Noticed Blork the orc
  5334 | D:4      | Killed Blork the orc
  5361 | D:4      | Noticed Grinder
  5372 | D:4      | Killed Grinder
  5373 | D:4      | Reached XP level 8. HP: 50/64 MP: 5/9
  5410 | D:4      | Reached skill level 5 in Armour
  5654 | D:4      | Reached *** piety under Okawaru
  6121 | D:5      | Entered Level 5 of the Dungeon
  6188 | D:5      | Noticed a two-headed ogre
  7066 | D:5      | Cast into level 1 of the Abyss (kobold brigand)
  7146 | Abyss:2  | Noticed a starcursed mass
  7148 | Abyss:2  | Noticed an apocalypse crab
  7151 | Abyss:2  | Noticed an efreet
  7199 | Abyss:3  | Noticed a spriggan defender zombie
  7213 | Abyss:3  | Noticed a phantasmal warrior
  7219 | Abyss:3  | Slain by a spriggan defender zombie

Illustrated notes

Levels and vault maps discovered:
D:1:      moated_graveyard_arrival, layout_rooms
D:2:      layout_basic, dreamdust_ecumenical_altar_grove
D:3:      layout_loops_ring, uniq_terence, uniq_natasha
D:4:      kennysheep_kobold_camp, layout_cave_pools, gup_ossuary_entry_pyramid,
          portal_sewer_entry_b, uniq_blork_the_orc, uniq_eustachio, uniq_grinder
D:5:      nicolae_cairo_tiling_very_big, layout_loops_ring, serial_shops,
          nicolae_shop_overgrown_old_shop, minmay_chambers_of_fives
Abyss:3:  base: D:3, guppyfry_abyss_exit_imp_island,
          nicolae_abyss_rune_left_handed, nicolae_abyss_rune_left_handed

Skill      XL: |  1  2  3  4  5  6  7  8 |
---------------+-------------------------+-----
Long Blades    | 4 5 6 8 9 |  9.4
Invocations    | 1 3 |  3.9
Armour         | 4 5 |  5.9
Fighting       | 4 |  4.0
Dodging        | |  3.2
Stealth        | |  1.5

Action                   |  1- 3 |  4- 6 |  7- 9 || total
-------------------------+-------+-------+-------++-------
Melee: Falchion          |    76 |   156 |   164 ||   396
       Headbutt          |    13 |    23 |    34 ||    70
Throw: Dart              |    16 |    34 |    73 ||   123
       Boomerang         |     1 |       |    10 ||    11
Invok: Heroism           |       |    12 |     9 ||    21
  Use: Scroll            |     3 |     7 |     9 ||    19
       Potion            |       |     3 |     2 ||     5
 Stab: Sleeping          |     1 |       |       ||     1
Armor: Robe              |     7 |       |       ||     7
       Scale mail        |     4 |     7 |       ||    11
       Plate armour      |       |   131 |   115 ||   246
Dodge: Dodged            |    39 |    68 |    66 ||   173

Table legend: (Time is in decaauts)
 A = Elapsed time spent in this place.
 B = Non-inter-level travel time spent in this place.
 C = Inter-level travel time spent in this place.
 D = Time resting spent in this place.
 E = Time spent auto-exploring this place.
 F = Levels seen in this place.
 G = Mean time per level.
                   A        B        C        D        E       F      G
               +--------+--------+--------+--------+--------+-----+--------+
         Total |   7203 |   6941 |    262 |   1702 |   3649 |   9 |  800.3 |
       Dungeon |   5880 |   5618 |    262 |   1131 |   3367 |   5 | 1176.0 |
         Abyss |    144 |    144 |      0 |      0 |      0 |   3 |   48.0 |
         Sewer |   1178 |   1178 |      0 |    571 |    282 |   1 | 1178.0 |
               +--------+--------+--------+--------+--------+-----+--------+

Top non-repeatable levels by time:
     D:4: 1332 daAuts
     D:1: 1301 daAuts
     D:2: 1207 daAuts
   Sewer: 1178 daAuts
     D:3: 1090 daAuts
     D:5: 948 daAuts
 Abyss:3: 55 daAuts
 Abyss:1: 48 daAuts
 Abyss:2: 40 daAuts
